 Dungeon Crawl Stone Soup version 0.22-a0-348-gd16d139 (webtiles) character file.

692 zero the Covert (level 7, -5/32 HPs)
             Began as a Spriggan Enchanter on Apr 10, 2018.
             Killed from afar by an orc wizard (6 damage)
             ... with a puff of frost
             ... on level 4 of the Dungeon.
             The game lasted 00:06:19 (2995 turns).

zero the Covert (Spriggan Enchanter)                Turns: 2995, Time: 00:06:19

Health: -5/32      AC:  4    Str:  4    XL:     7   Next: 36%
Magic:  9/13       EV: 18    Int: 17    God:
Gold:   163        SH:  0    Dex: 18    Spells: 7/13 levels left

rFire    + . .     SeeInvis +   k - +2 dagger (venom)
rCold    . . .     Gourm    .   (shield restricted)
rNeg     . . .     Faith    .   b - +1 robe
rPois    .         Spirit   .   (helmet restricted)
rElec    .         Reflect  .   g - +0 cloak
rCorr    .         Harm     .   (gloves unavailable)
MR       +....                  (boots unavailable)
Stlth    ++++......             (no amulet)
HPRegen  0.10/turn              l - ring of protection from fire
MPRegen  0.13/turn              (no ring)

@: lethally poisoned (-5 -> -7), very quick
A: very small, unfitting armour, see invisible, herbivore, speed 3, slow
metabolism 2
a: no special abilities


You were on level 4 of the Dungeon.
You were not hungry.

You visited 2 branches of the dungeon, and saw 6 of its levels.

You collected 163 gold pieces.

Inventory:

Hand Weapons
 a - a +1 dagger
 k - a +2 dagger of venom (weapon)
Armour
 b - a +1 robe (worn)
 g - a +0 cloak (worn)
Jewellery
 l - a ring of protection from fire (left hand)
Scrolls
 e - 4 scrolls of teleportation
 f - a scroll of enchant armour
 h - 4 scrolls of remove curse
Potions
 c - 2 potions of ambrosia
 i - a potion of magic {unknown}
 j - a potion of mutation {unknown}
Comestibles
 d - 5 rations


   Skills:
 - Level 6.4 Short Blades
 - Level 3.0 Dodging
 - Level 8.1 Stealth
 + Level 3.9 Spellcasting
 + Level 4.6 Hexes


You had 7 spell levels left.
You knew the following spells:

 Your Spells              Type           Power        Failure   Level  Hunger
a - Corona                Hex            ###....      2%          1    None
b - Ensorcelled Hibernat  Hex/Ice        ##....       9%          2    ##.....
c - Confuse               Hex            ###.....     7%          3    ###....


Dungeon Overview and Level Annotations

Branches:
Dungeon (5/15)             Temple (1/1) D:4

Altars:
Ashenzari
Cheibriados
Dithmenos
Elyvilon
Fedhas
Gozag
Hepliaklqana
Kikubaaqudgha
Makhleb
Nemelex Xobeh
Okawaru
Qazlal
Ru
Sif Muna
Trog
Uskayaw
Wu Jian
Xom
Yredelemnul
Zin
The Shining One

Annotations:
D:1 exclusion: 2 downstairs
D:2 Robin, Terence


Innate Abilities, Weirdness & Mutations

You are very small and have problems with some larger weapons.
You are too small for most types of armour.
You have supernaturally acute eyesight. (SInv)
You are a herbivore.
You cover ground extremely quickly.
You need to consume almost no food.


Message History

Aiming: Ensorcelled Hibernation (safe; 9% risk of failure)
Press: ? - help, Shift-Dir - straight line, f - orc wizard
Aim: an orc wizard, wielding a dagger and wearing a robe (fast, chance to defeat MR: 42%)
Okay, then.
Casting: Ensorcelled Hibernation (safe; 9% risk of failure)
Confirm with . or Enter, or press ? or * to list all spells.
Aiming: Confuse (safe; 7% risk of failure)
Press: ? - help, Shift-Dir - straight line, f - adder skeleton
Aim: an adder skeleton (chance to defeat MR: 65%)
The adder skeleton appears confused.
The orc wizard looks braver for a moment.
You feel sick.
The orc wizard points at you and mumbles some strange words.
The puff of frost hits you!
* * * LOW HITPOINT WARNING * * *
* * * LOW HITPOINT WARNING * * *
You feel sick.
The orc wizard gestures at you while chanting.
The puff of frost hits you!
You die...

.....#.........##.#8..8....#(.
.... #.........##.#8...#.8.#..
### #.......))##.#88..#..†.8.
............##.##8..#####..
............##..#88........
.............##.##88.......
...#.#.#.#.#.##Z.##888....8
.............##...###888.88
...#......@#.##.....####'##
.............##............
...#...>...#..o.o..........
#............o..........o..
#..#.......#..w............
##.................########
#.#.#.#.#.#.......# #....
#.................# #....
####..............# #....


You could see a worm, an orc wizard and an orc.

Vanquished Creatures
  Grinder (D:5)
  A hippogriff (D:3)
  A centaur (D:5)
  Blork the orc (D:4)
  An orc wizard (D:4)
  An orc priest (D:4)
  A gnoll (D:3)
  3 adders
  An ooze (D:1)
  4 worms
  A dart slug (D:3)
  A leopard gecko (D:4)
  An orc (D:4)
  3 bats
  2 giant cockroaches
  6 goblins
  9 hobgoblins
  7 jackals (D:1)
  3 kobolds
  3 ball pythons
  2 frilled lizards
  A quokka skeleton (D:3)
  4 rats (D:1)
58 creatures vanquished.

Notes
Turn   | Place    | Note
-------+----------+-------------------------------------------
     0 | D:1      | zero the Spriggan Enchanter began the quest for the Orb.
     0 | D:1      | Reached XP level 1. HP: 9/9 MP: 5/5
    73 | D:2      | Noticed Robin
    73 | D:2      | Noticed Terence
   110 | D:1      | Reached skill level 5 in Stealth
   110 | D:1      | Reached XP level 2. HP: 13/13 MP: 6/6
   114 | D:1      | Learned a level 2 spell: Ensorcelled Hibernation
   687 | D:1      | Reached XP level 3. HP: 10/16 MP: 6/8
  1426 | D:5      | Entered Level 5 of the Dungeon
  1430 | D:4      | Reached skill level 6 in Stealth
  1430 | D:4      | Reached XP level 4. HP: 21/21 MP: 6/9
  1808 | D:3      | Noticed a hippogriff
  1821 | D:3      | Killed a hippogriff
  1821 | D:3      | Reached skill level 8 in Stealth
  1821 | D:3      | Reached XP level 5. HP: 6/24 MP: 3/10
  1821 | D:3      | Reached XP level 6. HP: 7/28 MP: 3/11
  2335 | D:5      | Noticed Grinder
  2477 | D:4      | Learned a level 3 spell: Confuse
  2481 | D:5      | Paralysed by Grinder for 3 turns
  2489 | D:5      | Killed Grinder
  2491 | D:5      | Noticed an ice beast
  2492 | D:5      | Reached XP level 7. HP: 32/32 MP: 6/12
  2583 | D:4      | Found a staircase to the Ecumenical Temple.
  2614 | D:4      | Noticed Blork the orc
  2641 | Temple   | Entered the Ecumenical Temple
  2829 | D:4      | Killed Blork the orc
  2995 | D:4      | HP: 1/32 [poisoned by an orc wizard]
  2995 | D:4      | Killed from afar by an orc wizard

Vault maps used:
D:1:      lightli_arrival_windingriver, hangedman_abyss_or_decor_stabs
D:2:      uniq_robin, uniq_terence
D:4:      minmay_temple_entry_glass, kennysheep_potato, uniq_blork_the_orc
D:5:      first_ration, kennysheep_generic_room_13, uniq_grinder
Temple:   kilobyte_greek_temple

Skill      XL: |  1  2  3  4  5  6 |
---------------+-------------------+-----
Stealth        | 5 6 8 |  8.1
Short Blades   | 2 3 4 6 |  6.4
Spellcasting   | 3 |  3.9
Hexes          | 4 |  4.6
Dodging        | |  3.0

Action                   |  1- 3 |  4- 6 |  7- 9 || total
-------------------------+-------+-------+-------++-------
Melee: Dagger            |   109 |    62 |    16 ||   187
 Cast: Corona            |     1 |       |       ||     1
       Ensorcelled Hiber |     9 |    12 |     5 ||    26
       Confuse           |       |     1 |     2 ||     3
  Use: Scroll            |     7 |       |       ||     7
 Stab: Sleeping          |    15 |    13 |     3 ||    31
       Distracted        |     1 |       |       ||     1
       Confused          |       |     2 |     1 ||     3
  Eat: Ration            |       |     1 |       ||     1
Armor: Robe              |     8 |     3 |       ||    11
Dodge: Dodged            |    85 |    45 |    11 ||   141

Table legend:
 A = Spawn XP
 B = Non-spawn XP
 C = Spawn XP percentage of total XP
 D = Spawn monster count
 E = Non-spawn monster count
 F = Spawn count percentage of total count
 G = Total turns spent on level
                    A         B        C        D         E        F      G
               +---------+---------+-------+---------+---------+-------+---------
         Total |       0 |     989 |   0.0 |       0 |      58 |   0.0 |  2995
               +---------+---------+-------+---------+---------+-------+---------
           D:1 |       0 |      53 |   0.0 |       0 |      27 |   0.0 |  1180
           D:2 |       0 |      12 |   0.0 |       0 |       5 |   0.0 |   142
           D:3 |       0 |     308 |   0.0 |       0 |      16 |   0.0 |   644
           D:4 |       0 |     220 |   0.0 |       0 |       8 |   0.0 |   833
           D:5 |       0 |     396 |   0.0 |       0 |       2 |   0.0 |    38
               +---------+---------+-------+---------+---------+-------+---------
